 Dungeon Crawl Stone Soup version 0.32-a0-407-g4da7c8d6d1 (webtiles) character file.

Game seed: 9368905019421891041

43 jt the Trooper (level 3, -4/34 HPs)
             Began as a Naga Fighter on Feb 20, 2024.
             Slain by Jessica
             ... wielding a +2 dagger of electrocution
              (19 damage)
             ... on level 2 of the Dungeon.
             The game lasted 00:01:41 (657 turns).

jt the Trooper (Naga Fighter)                        Turns: 657, Time: 00:01:43

Health: -4/34      AC:  4    Str: 20    XL:     3   Next: 58%
Magic:  3/3        EV:  8    Int:  8    God:
Gold:   11         SH:  4    Dex: 10    Spells: 2/2 levels left

rFire   . . .        a - +0 war axe
rCold   . . .        c - +0 buckler
rNeg    . . .        j - +0 ring mail
rPois   +            (no helmet)
rElec   .            (no cloak)
rCorr   .            (no gloves)
SInv    +            (no barding)
Will    .....        g - amulet of regeneration Stlth
                     (no ring)
HPRegen 1.05/turn    (no ring)
MPRegen 0.08/turn

%: no passive effects
@: short of breath, very slow
A: AC +1, large, see invisible, deformed body, poison resistance, slowness 2,
spit poison 1, naga tail 1
a: Spit Poison


You were on level 2 of the Dungeon.
You visited 1 branch of the dungeon, and saw 2 of its levels.

You collected 11 gold pieces.

Inventory:

Hand Weapons
 a - a +0 war axe (weapon)
 m - a +4 sling
Missiles
 e - 14 stones
Armour
 b - a +0 scale mail
 c - a +0 buckler (worn)
 h - a +0 kite shield
 j - a +0 ring mail (worn)
 l - a +0 chain mail
Jewellery
 g - an amulet of regeneration (around neck)
Scrolls
 i - a scroll of blinking {unknown}
 k - a scroll of revelation {unknown}
Potions
 d - a potion of might
 f - a potion of enlightenment {unknown}


   Skills:
 + Level 3.4 Fighting
 * Level 3.0 Axes
 - Level 2.4 Armour
 + Level 3.1 Shields


You had 2 spell levels left.
You didn't know any spells.
Your spell library contained the following spells:

 Spells                   Type           Power      Damage    Failure   Level
 Freeze                   Ice            0%         1d3       65%         1
 Summon Small Mammal      Summ           0%         N/A       65%         1
 Call Canine Familiar     Summ           0%         N/A       95%         3
 Frozen Ramparts          Ice            0%         1d1       95%         3
 Hailstorm                Conj/Ice       0%         3d5       95%         3
 Summon Blazeheart Golem  Fire/Summ      0%         N/A       100%        4


Dungeon Overview and Level Annotations

Branches:
Dungeon (2/15)

Altars:

Annotations:
D:2 Jessica


Innate Abilities, Weirdness & Mutations

Your serpentine skin is tough. (AC +1)
You have supernaturally acute eyesight. (SInv)
Armour fits poorly on your strangely shaped body.
Your system is resistant to poisons. (rPois)
You cover ground very slowly.
You can spit poison.
You have a snake-like lower body.


Message History

You see here a hobgoblin skeleton.
A hobgoblin comes into view.
The hobgoblin shouts!
The splash of poison hits the hobgoblin.
The hobgoblin is poisoned.
You kill the hobgoblin!
Done exploring.
You have got your breath back.
You see here a hobgoblin corpse.
There is a stone staircase leading down here.
You climb downwards.
The frilled lizard hisses angrily.
Found a stone staircase leading down.
There is a stone staircase leading up here.
Okay, then.
Found 4 large rocks.
The splash of poison hits the frilled lizard.
The frilled lizard is poisoned.
You kill the frilled lizard!
You start waiting.
You have got your breath back.
Found a stone staircase leading down.
Jessica the Apprentice Sorceress comes into view.
She is wielding a +2 dagger of electrocution.
Jessica shouts!
There is a stone staircase leading down here.
A hobgoblin comes into view.
The hobgoblin shouts!
You hear a shout!
The hobgoblin moves out of view.
The splash of poison hits Jessica but does no damage.
Jessica is poisoned.
Jessica mumbles some strange words.
Jessica seems to speed up.
You hit Jessica but do no damage.
Jessica is moderately wounded.
Jessica hits you with a +2 dagger of electrocution.
You are electrocuted!
Jessica hits you with a +2 dagger of electrocution.
You are electrocuted!!
Ouch! That really hurt!
You die...

..##.....#.....
#.#......#..#..
#.............
#........>...
#..........# .
#.........# ...
#.....@..##....
##.....@.#......
#...............
#......>#..#....
#.......#.## ..
##.....##.#
#........#
#<...#####
##.###
#........#


You could see Jessica (fast, poisoned).

Vanquished Creatures
  6 hobgoblins (D:1)
  3 jackals (D:1)
  3 quokkas (D:1)
  2 ball pythons (D:1)
  A bat (D:1)
  2 frilled lizards
  2 goblins (D:1)
  3 kobolds (D:1)
  2 rats (D:1)
24 creatures vanquished.

Notes
Turn   | Place    | Note
-------+----------+-------------------------------------------
     0 | D:1      | jt the Naga Fighter began the quest for the Orb.
     0 | D:1      | Reached XP level 1. HP: 21/21 MP: 1/1
    34 | D:1      | Reached XP level 2. HP: 28/28 MP: 2/2
   136 | D:1      | Reached XP level 3. HP: 34/34 MP: 3/3
   653 | D:2      | Noticed Jessica
   657 | D:2      | Slain by Jessica

Illustrated notes

Levels and vault maps discovered:
D:1:      amcnicky_arrival_gap_in_the_tavern_cellar, layout_basic
D:2:      layout_rooms, dreamdust_ecumenical_altar_grove, minmay_diced_spiral,
          uniq_natasha, uniq_sigmund, uniq_jessica

Skill      XL: |  1  2  3 |
---------------+----------+-----
Shields        | 3 |  3.1
Axes           | 3 |  3.0
Fighting       | |  3.4
Armour         | |  2.4

Action                     || total
---------------------------++-------
  Melee: War axe           ||    43
Ability: Spit Poison       ||    17
 Armour: Scale mail        ||    18
         Ring mail         ||    15
  Dodge: Dodged            ||    17
  Block: Buckler           ||    11

Table legend: (Time is in decaauts)
 A = Elapsed time spent in this place.
 B = Non-inter-level travel time spent in this place.
 C = Inter-level travel time spent in this place.
 D = Time resting spent in this place.
 E = Time spent auto-exploring this place.
 F = Levels seen in this place.
 G = Mean time per level.
                   A        B        C        D        E       F      G
               +--------+--------+--------+--------+--------+-----+--------+
         Total |    892 |    877 |     15 |     11 |    558 |   2 |  446.0 |
       Dungeon |    892 |    877 |     15 |     11 |    558 |   2 |  446.0 |
               +--------+--------+--------+--------+--------+-----+--------+

Top non-repeatable levels by time:
     D:1: 875 daAuts
     D:2: 16 daAuts
